 Dungeon Crawl Stone Soup version 0.24-a0-170-gd8427f5 (console) character file.

Game seed: 11991000829337873265

56 Duffy the Ruffian (level 3, 0/28 HPs)
             Began as a Draconian Transmuter on Mar 11, 2019.
             Was an Initiate of Gozag.
             Succumbed to an adder's poison
             ... on level 2 of the Dungeon.
             The game lasted 00:01:48 (1573 turns).

Duffy the Ruffian (Draconian Transmuter)            Turns: 1573, Time: 00:01:49

Health: 0/28       AC:  5    Str: 12    XL:     3   Next: 69%
Magic:  6/6        EV: 12    Int: 14    God:    Gozag
Gold:   71         SH:  0    Dex: 11    Spells: 5/6 levels left

rFire    . . .     SeeInvis .     - Unarmed
rCold    . . .     Gourm    .   (no shield)
rNeg     . . .     Faith    .   (armour unavailable)
rPois    .         Spirit   .   (helmet restricted)
rElec    .         Reflect  .   (no cloak)
rCorr    .         Harm     .   (no gloves)
MR       .....                  (no boots)
Stlth    +.........             (no amulet)
HPRegen  0.09/turn              (no ring)
MPRegen  0.10/turn              (no ring)

@: lethally poisoned (0 -> -2)
A: unfitting armour, cold-blooded, AC +5
a: Potion Petition, Call Merchant, Bribe Branch, Renounce Religion


You were on level 2 of the Dungeon.
You worshipped Gozag.
Gozag was noncommittal.
You were hungry.

You visited 1 branch of the dungeon, and saw 2 of its levels.

You collected 82 gold pieces.
You paid 11 gold pieces to Gozag.

Inventory:

Missiles
 a - 42 arrows
Jewellery
 m - an uncursed ring of magical power {unknown}
Scrolls
 b - 2 scrolls of remove curse {unknown}
 d - a scroll of blinking {unknown}
 g - a scroll of enchant weapon {unknown}
 h - 3 scrolls of teleportation {unknown}
 i - 2 scrolls of identify {unknown}
 l - a scroll of magic mapping {unknown}
Potions
 e - a potion of curing {unknown}
 j - a potion of heal wounds {unknown}
 k - a potion of lignification {unknown}
Comestibles
 c - 5 rations


   Skills:
 - Level 1.1 Fighting
 - Level 1.7 Dodging
 + Level 3.9 Unarmed Combat
 + Level 2.1 Spellcasting
 + Level 3.1 Transmutations


You had 5 spell levels left.
You knew the following spells:

 Your Spells              Type           Power        Failure   Level  Hunger
h - Beastly Appendage     Tmut           ##....       6%          1    ##.....

Your spell library contained the following spells:

 Spells                   Type           Power        Failure   Level  Hunger
 Sticks to Snakes         Tmut           ##......     10%         2    ###....
 Spider Form              Tmut/Pois      #.........   36%         3    ####...
 Ice Form                 Ice/Tmut       #.......     77%         4    #####..
 Blade Hands              Tmut           ##........   87%         5    ######.


Dungeon Overview and Level Annotations

Branches:
Dungeon (2/15)

Altars:
Elyvilon
Gozag
Kikubaaqudgha
Nemelex Xobeh


Innate Abilities, Weirdness & Mutations

Your plain brown scales are hard. (AC +5)
You cannot fit into any form of body armour.
You are cold-blooded and may be slowed by cold attacks.


Message History

You completely miss the bat. The bat misses you. The bat closely misses you.
You miss the bat. The bat barely misses you.
You swing at nothing.
The bat hits you but does no damage. x2
You hit the bat.
The bat is heavily wounded.
The bat closely misses you.
You swing at nothing.
You feel sick. The bat misses you. The bat hits you.
You closely miss the bat.
You tail-slap the bat, but do no damage.
The bat is heavily wounded.
The bat hits you but does no damage.
You swing at nothing.
The bat hits you.
You miss the bat.
You tail-slap the bat, but do no damage.
The bat is heavily wounded.
The bat hits you but does no damage. x2
You hit the bat but do no damage.
Your tail-slap misses the bat.
The bat is heavily wounded.
You die...
Your body crumbles into a pile of gold.

#.# #.#.8...8.#...#
####.###.#.......#...#
...... +....._.......####
#.###.#.......#..#...#
####...<.#.8...8.##.#...#
.%...)...##.....###.#...#
#####....####.#####.....#
#....+......#.......#
#....#...#.##@##....#
#....#......#b##..#)#
.............>....#.....#
.
.####...##.........#.....#
. ##.########.#.##.##....
#......# ### #####
#).#.###
......######..#.###
.).........)........


You could see a bat.

Vanquished Creatures
  2 adders
  3 worms (D:2)
  2 dart slugs (D:2)
  2 bats
  2 goblins (D:2)
  5 hobgoblins
  4 kobolds
  4 frilled lizards (D:1)
  3 rats
27 creatures vanquished.

Vanquished Creatures (others)
  A goblin (D:2)
  A kobold (D:2)
2 creatures vanquished.

Grand Total: 29 creatures vanquished

Notes
Turn   | Place    | Note
-------+----------+-------------------------------------------
     0 | D:1      | Duffy the Draconian Transmuter began the quest for the Orb.
     0 | D:1      | Reached XP level 1. HP: 16/16 MP: 3/3
   477 | D:1      | Reached XP level 2. HP: 23/23 MP: 3/5
   567 | D:1      | Found a sparkling altar of Nemelex Xobeh.
   761 | D:2      | Found an ancient bone altar of Kikubaaqudgha.
   799 | D:1      | Reached XP level 3. HP: 8/28 MP: 4/6
  1355 | D:2      | Found an opulent altar of Gozag.
  1361 | D:2      | Became a worshipper of Gozag Ym Sagoz the Greedy
  1481 | D:2      | Found a white marble altar of Elyvilon.
  1571 | D:2      | HP: 1/28 [bat (1)]
  1573 | D:2      | Succumbed to an adder's poison

Levels and vault maps discovered:
D:1:      tarquinn_simple_flora_water_d, layout_rooms,
          nemelex_xobeh_ov_fountains_minmay
D:2:      layout_basic, kiku_gazebo_garden_becter, elyvilon_altar_4,
          grunt_gozag_statues

Skill      XL: |  1  2  3 |
---------------+----------+-----
Transmutations | 3 |  3.1
Fighting       | |  1.1
Dodging        | |  1.7
Unarmed Combat | |  3.9
Spellcasting   | |  2.1

Action                   || total
-------------------------++-------
Melee: Unarmed           ||   100
       Tailslap          ||     9
       Kick              ||     9
       Headbutt          ||     5
       Punch             ||     2
 Cast: Beastly Appendage ||    17
  Eat: Chunk             ||     2
Armor: Skin              ||    23
Dodge: Dodged            ||    69

Table legend:
 A = Non-vault XP
 B = Vault XP
 C = Vault XP percentage of total XP
 D = Non-vault monster count
 E = Vault monster count
 F = Vault count percentage of total count
                 A         B        C        D         E       F
            +---------+---------+-------+---------+---------+-------
      Total |      80 |       0 |   0.0 |      27 |       0 |   0.0
            +---------+---------+-------+---------+---------+-------
        D:1 |      31 |       0 |   0.0 |      13 |       0 |   0.0
        D:2 |      49 |       0 |   0.0 |      14 |       0 |   0.0
            +---------+---------+-------+---------+---------+-------
